 Dungeon Crawl Stone Soup version 0.30-a0-368-g86fb4627a9 (webtiles) character file.

Game seed: 944019791023623098

11433 Angani the Frost Mage (level 11, -5/103 (110) HPs)
             Began as a Pale Draconian Reaver on Nov 18, 2022.
             Was a High Priest of Ru.
             Slain by a deep elf archer
             ... wielding the +12 glaive of Prune {vorpal}
              (28 damage)
             ... on level 10 of the Dungeon.
             The game lasted 00:25:08 (12609 turns).

Angani the Frost Mage (Pale Draconian Reaver)      Turns: 12609, Time: 00:25:09

HP:   -5/103 (110)  AC: 10    Str: 15    XL:     11   Next: 49%
MP:   23/23         EV:  9    Int: 23    God:    Ru [*****.]
Gold: 718           SH:  0    Dex: 10    Spells: 11/26 levels left

rFire   x x .      SeeInvis .      - Unarmed
rCold   + + .      Faith    .    (shield currently unavailable)
rNeg    . . .      Spirit   .    (body armour unavailable)
rPois   +          Reflect  .    (helmet currently unavailable)
rElec   .          Harm     .    (cloak currently unavailable)
rCorr   .          Rampage  .    (gloves currently unavailable)
Will    .....                    (boots currently unavailable)
Stlth   +.........               D - amulet of magic regeneration
HPRegen 0.37/turn                m - +6 ring of intelligence
MPRegen 0.58/turn                (no ring)

@: confused, ice-form, slowed, drained, very slow
A: freezing attack, amphibious, boosted hp, (breathe steam), AC +7, large,
unfitting armour, (cold-blooded), hated by all, unskilled 1, temperature
sensitive, (steam resistance)
a: End Transformation, Renounce Religion, Draw Out Power, Power Leap, Apocalypse


You were on level 10 of the Dungeon.
You worshipped Ru.
Ru was extremely pleased with you.
You were a creature of crystalline ice.
You visited 1 branch of the dungeon, and saw 10 of its levels.
You also visited: Sewer.

You collected 718 gold pieces.

Inventory:

Missiles
 d - a throwing net
 g - 42 poisoned darts (quivered)
Armour
 a - a scarf of harm (melded)
 l - a +0 pair of boots (melded)
 n - a +2 pair of gloves (melded)
 F - a +1 hat (melded)
Jewellery
 m - a +6 ring of intelligence (left front paw)
 y - an amulet of guardian spirit
 D - an amulet of magic regeneration (around neck)
Wands
 r - a wand of paralysis (5)
 x - a wand of roots (6)
 B - a wand of quicksilver (5)
 C - a wand of mindburst (14)
 E - a wand of digging (5)
 G - a wand of flame (9)
Scrolls
 e - 6 scrolls of teleportation
 i - 4 scrolls of immolation
 s - a scroll of noise
 t - a scroll of magic mapping {unknown}
 w - 2 scrolls of enchant weapon
 z - a scroll of blinking {unknown}
 A - 3 scrolls of amnesia {unknown}
Potions
 b - 4 potions of mutation
 c - 3 potions of haste
 f - 3 potions of brilliance
 h - a potion of invisibility
 j - 3 potions of lignification
 k - 5 potions of curing
 o - 5 potions of flight
 p - 3 potions of heal wounds
 q - a potion of attraction
 u - a potion of might {unknown}
 v - 3 potions of degeneration {unknown}


   Skills:
 + Level 7.4 Fighting
 - Level 1.5 Dodging
 + Level 7.1 Unarmed Combat
 - Level 8.0 Spellcasting
 - Level 2.6 Conjurations
 - Level 8.0 Transmutations
 - Level 8.0 Ice Magic


You had 11 spell levels left.
You knew the following spells:

 Your Spells              Type           Power      Damage    Failure   Level
a - Kiss of Death         Conj/Necr      60%        2d10      4%          1
b - Ice Form              Ice/Tmut       46%        N/A       2%          4
c - Yara's Violent Unrav  Hex/Tmut       13%        3d7       36%         5
d - Silence               Hex/Air        4%         N/A       88%         5

Your spell library contained the following spells:

 Spells                   Type           Power      Damage    Failure   Level
 Passwall                 Tmut/Erth      22%        N/A       1%          2
 Hailstorm                Conj/Ice       33%        3d8       2%          3
 Momentum Strike          Conj/Tloc      30%        3d8       6%          2
 Static Discharge         Conj/Air       30%        2-4/arc   6%          2
 Necrotise                Necr           36%        1d5       7%          1
 Cigotuvi's Dreadful Rot  Necr/Pois/Air  18%        N/A       11%         2
 Poisonous Vapours        Pois/Air       18%        N/A       11%         2
 Mephitic Cloud           Conj/Pois/Air  13%        N/A       14%         3
 Vampiric Draining        Necr           9%         2d6       21%         3
 Agony                    Necr           9%         N/A       88%         5
 Simulacrum               Ice/Necr       Unusable   N/A       N/A         6

Dungeon Overview and Level Annotations

Branches:
Dungeon (10/15)            Temple (0/1) D:4            Lair (0/5) D:9
    Orc (0/2) D:9           Sewer (visited)

Altars:
Elyvilon
Nemelex Xobeh
Okawaru
Ru
Uskayaw

Annotations:
D:3 1 runed translucent door, Crazy Yiuf


Innate Abilities, Weirdness & Mutations

You are a creature of crystalline ice.
You have a powerful freezing melee attack.
You are amphibious.
Your maximum health is increased.
Your armour is entirely melded.
You are incapable of wielding weapons or throwing items.
((You can breathe blasts of scalding, opaque steam.))
((Your pale cyan-grey scales are hard. (AC +7)))
You cannot fit into any form of body armour.
((You are cold-blooded and may be slowed by cold attacks.))
You are hated by all.
You are somewhat unskilled. (-1 Apt)
You are sensitive to extremes of temperature. (rF-, rC-)
((You are immune to the effects of steam.))


Message History

Things that are here:
a +1 scimitar of flaming; 20 gold pieces Unknown command.
You barely miss the deep elf archer.
The deep elf archer is lightly wounded.
The deep elf archer unwields the +10 sling "Jydahome" {drain, rElec Str+4 Dex+4}.
The deep elf archer wields the +12 glaive of Prune {vorpal}.
The deep elf archer hits you with the +12 glaive of Prune {vorpal}!
Unknown command.
You barely miss the deep elf archer.
The deep elf archer is lightly wounded.
You have got your breath back.
The deep elf archer gestures wildly while chanting.
Unknown command.
You pummel the deep elf archer!! You freeze the deep elf archer.
The deep elf archer is severely wounded.
The deep elf archer begins to cast a spell, but is stunned by your conviction!
The deep elf archer hits you with the +12 glaive of Prune {vorpal}!
Unknown command.
You barely miss the deep elf archer.
The deep elf archer is severely wounded.
The deep elf archer gestures at you while chanting.
You resist with significant effort.
Unknown command.
You closely miss the deep elf archer.
The deep elf archer is severely wounded.
The deep elf archer hits you with the +12 glaive of Prune {vorpal}!
Unknown command.
You barely miss the deep elf archer.
The deep elf archer is severely wounded.
The deep elf archer is no longer blind.
The deep elf archer barely misses you.
The deep elf archer gestures at you while chanting.
You are confused.
Unknown command.
Unknown command.
The deep elf archer attacks as you move away!
The deep elf archer hits you with the +12 glaive of Prune {vorpal}!
* * * LOW HITPOINT WARNING * * *
x2 The deep elf archer hits you from afar with the +12 glaive of Prune {vorpal}!!
You die...

..#.........#......#
######
..#...))....#......#
.......
#.#....)....#......#
.......
#.#...).....#......#
.......
#.#.........#......#
.##....
#.#.)##########....#
#.... #.#..#
#?..'e...# #....
..#..# #...#)...#
..... ..#..#
#...#.Y..# .. ..#..#
#?..#....# .. #.#..#
#...#....# #.#..#
....#.÷..# ..'..#
.....#....# ..#..#
.R°...#....#
..#..##### ####....#
#>#....#.# #...###.#
#.#....#[# #.......#


You could see a deep elf archer (repels missiles).

Vanquished Creatures
  2 hydras (D:10)
  Fannar (D:10)
  Erica (D:10)
  An orc knight (D:10)
  2 manticores (D:10)
  A cyclops (D:9)
  An efreet (D:10)
  A komodo dragon (D:9)
  Sigmund (D:6)
  A shadow (D:9)
  2 wyverns (D:9)
  9 yaks
  A water elemental (D:10)
  4 steam dragons
  Edmund (D:6)
  Duvessa (D:5)
  2 water moccasins (D:9)
  2 ice beasts (D:6)
  5 orc warriors (D:9)
  8 black bears
  2 ogres
  4 kobold brigands
  3 bullfrogs
  3 necrophages
  2 gnoll sergeants
  3 scorpions
  7 wights
  Dowan (D:5)
  6 killer bees (D:10)
  6 howler monkeys (D:7)
  An electric eel (D:9)
  8 orc priests
  A hound (D:5)
  A gnoll bouda (D:5)
  2 jellies
  An iguana (D:5)
  9 orc wizards
  9 adders
  2 river rats (Sewer)
  37 gnolls
  A howler monkey simulacrum (D:10)
  4 white imps
  An ufetubus (D:5)
  2 worms (D:3)
  3 dart slugs
  40 orcs
  8 ball pythons
  4 bats
  6 endoplasms
  A giant cockroach (D:2)
  5 goblins
  4 hobgoblins
  6 jackals
  27 kobolds
  6 quokkas
  3 frilled lizards (D:1)
  12 rats
288 creatures vanquished.

Vanquished Creatures (others)
  A kobold brigand (D:8)
  An orc (D:9)
  37 fungi (D:9)
  31 plants (D:9)
70 creatures vanquished.

Grand Total: 358 creatures vanquished

Notes
Turn   | Place    | Note
-------+----------+-------------------------------------------
     0 | D:1      | Angani the Draconian Reaver began the quest for the Orb.
     0 | D:1      | Reached XP level 1. HP: 17/17 MP: 3/3
   467 | D:1      | Reached XP level 2. HP: 21/25 MP: 5/5
  1028 | D:2      | Reached XP level 3. HP: 24/31 MP: 6/6
  1298 | D:2      | Reached XP level 4. HP: 40/40 MP: 7/7
  1627 | D:3      | Noticed an ogre
  1634 | D:3      | Killed an ogre
  1635 | D:3      | Reached XP level 5. HP: 40/47 MP: 6/8
  1637 | D:3      | Reached skill level 5 in Unarmed Combat
  1821 | D:3      | Reached skill level 5 in Fighting
  2120 | D:3      | Learned a level 4 spell: Ice Form
  2126 | D:3      | Found a runed translucent door.
  2127 | D:3      | Noticed Crazy Yiuf
  2170 | D:3      | Found a sacrificial altar of Ru.
  2171 | D:3      | Found a sparkling altar of Nemelex Xobeh.
  2202 | D:3      | Became a worshipper of Ru the Awakened
  2400 | D:4      | Got the Teachings on Windy Moulding
  2461 | D:4      | Reached XP level 6. HP: 42/56 MP: 9/9
  2511 | D:4      | Found a glowing drain.
  2558 | Sewer    | Entered a sewer
  2572 | Sewer    | Reached skill level 1 in Transmutations
  2577 | Sewer    | Reached skill level 1 in Ice Magic
  2777 | Sewer    | Found a white marble altar of Elyvilon.
  2902 | D:5      | Entered Level 5 of the Dungeon
  3096 | D:4      | Your scales start taking on a pale cyan-grey colour.
  3096 | D:4      | Reached XP level 7. HP: 56/61 MP: 11/11
  3096 | D:4      | Gained mutation: You are immune to the effects of steam.
                  | [Pale Draconian growth]
  3469 | D:4      | Found a white marble altar of Elyvilon.
  3470 | D:4      | Found an iron altar of Okawaru.
  3512 | D:4      | Found a staircase to the Ecumenical Temple.
  3725 | D:5      | Gained mutation: You are hated by all. [Ru sacrifice]
  3725 | D:5      | Reached * piety under Ru
  3725 | D:5      | Reached ** piety under Ru
  3765 | D:5      | Found a hide-covered altar of Uskayaw.
  3922 | D:5      | Noticed Duvessa
  3930 | D:5      | Noticed Dowan
  3938 | D:5      | Killed Dowan
  3942 | D:5      | Killed Duvessa
  3943 | D:5      | Reached XP level 8. HP: 52/68 MP: 1/14
  4904 | D:6      | Reached skill level 5 in Spellcasting
  4976 | D:6      | Reached skill level 5 in Transmutations
  4976 | D:6      | Reached skill level 5 in Ice Magic
  5493 | D:6      | Noticed Sigmund
  5500 | D:6      | Killed Sigmund
  5501 | D:6      | Reached XP level 9. HP: 54/74 MP: 12/17
  5608 | D:6      | Noticed Edmund
  5618 | D:6      | Killed Edmund
  6293 | D:7      | Gained mutation: You are somewhat unskilled. (-1 Apt) [Ru
                  | sacrifice]
  6293 | D:7      | Reduced skill Spellcasting to level 5
  6293 | D:7      | Reduced skill Transmutations to level 5
  6293 | D:7      | Reduced skill Ice Magic to level 5
  6293 | D:7      | Reached *** piety under Ru
  8186 | D:8      | Reached XP level 10. HP: 64/76 MP: 19/19
  8742 | D:9      | Identified the +1 robe "Foroyf" {Dex+2}
  9759 | D:9      | Found a staircase to the Lair.
 10080 | D:9      | Noticed a cyclops
 10092 | D:9      | Killed a cyclops
 10159 | D:9      | Reached skill level 5 in Unarmed Combat
 10347 | D:9      | Gained mutation: You are sensitive to extremes of
                  | temperature. (rF-, rC-) [Ru sacrifice]
 10347 | D:9      | Reached **** piety under Ru
 10347 | D:9      | Reached ***** piety under Ru
 10380 | D:9      | Reached skill level 5 in Fighting
 10604 | D:9      | Found a staircase to the Orcish Mines.
 11025 | D:10     | Entered Level 10 of the Dungeon
 11044 | D:10     | Reached XP level 11. HP: 88/88 MP: 19/23
 11108 | D:10     | Noticed Erica
 11121 | D:10     | Killed Erica
 11661 | D:10     | Noticed Fannar
 11680 | D:10     | Killed Fannar
 11794 | D:10     | Noticed an orc knight
 11794 | D:10     | Noticed a seven-headed hydra
 11812 | D:10     | Killed an orc knight
 11816 | D:10     | Killed a seven-headed hydra
 12033 | D:10     | Learned a level 5 spell: Yara's Violent Unravelling
 12039 | D:10     | Learned a level 5 spell: Silence
 12344 | D:10     | Noticed an eight-headed hydra
 12354 | D:10     | Killed an eight-headed hydra
 12491 | D:10     | Identified the +10 sling "Jydahome" {drain, rElec Str+4
                  | Dex+4}
 12491 | D:10     | Noticed a deep elf archer
 12609 | D:10     | Slain by a deep elf archer

Illustrated notes

Levels and vault maps discovered:
D:1:      roderic_chinese_lattice_arrival, layout_loops_corners
D:2:      layout_rooms, dreamdust_princess_bridge
D:3:      minmay_octagon_keep, layout_rooms, gammafunk_temple_overflow_statue,
          uniq_crazy_yiuf_cottage
D:4:      layout_rooms, mainiacjoe_overflow_divided_tiny, temple_hall,
          portal_sewer_entry_d, chequers_hall_statues_corner_a
D:5:      layout_gridville, amcnicky_altar_gilded, uniq_duvessa
D:6:      layout_loops_ring, sigmund_edmund_badplayer, uniq_sigmund
D:7:      layout_cave_pods
D:8:      layout_basic
D:9:      layout_long_grid, due_lair_maze_entry_diamond, erik_orc_2
D:10:     minmay_shrinking_squares, layout_stronghold,
          nicolae_underground_beach, uniq_erica, uniq_fannar

Skill      XL: |  1  2  3  4  5  6  7  8  9 10 11 |
---------------+----------------------------------+-----
Fighting       | 3 4 5 4 5 7 |  7.4
Unarmed Combat | 4 5 4 5 7 |  7.1
Transmutations | 2 3 5 6 8 |  8.0
Ice Magic      | 2 4 5 6 8 |  8.0
Spellcasting   | 3 4 5 6 8 |  8.0
Conjurations   | 2 |  2.6
Dodging        | |  1.5

Action                   |  1- 3 |  4- 6 |  7- 9 | 10-12 || total
-------------------------+-------+-------+-------+-------++-------
Melee: Unarmed           |   128 |   255 |   298 |   227 ||   908
       Tailslap          |    11 |    29 |    20 |     7 ||    67
       Punch             |     2 |     8 |     6 |       ||    16
Throw: Dart              |       |     6 |       |     4 ||    10
 Cast: Kiss of Death     |       |     1 |       |       ||     1
       Ice Form          |       |       |    17 |    26 ||    43
Invok: Sacrifice Love    |       |       |     1 |       ||     1
       Sacrifice Skill   |       |       |     1 |       ||     1
       Draw Out Power    |       |       |       |     2 ||     2
       Sacrifice Resista |       |       |       |     1 ||     1
       Apocalypse        |       |       |       |     1 ||     1
 Abil: Breathe Steam     |       |       |    30 |    25 ||    55
       End Transformatio |       |       |       |     1 ||     1
Evoke: Wand              |     3 |     4 |       |     9 ||    16
  Use: Scroll            |       |     6 |     3 |     5 ||    14
 Stab: Invisible         |       |       |     4 |     6 ||    10
Armor: Skin              |    36 |    82 |   112 |   170 ||   400
Dodge: Dodged            |    75 |   134 |   166 |   116 ||   491

Table legend: (Time is in decaauts)
 A = Elapsed time spent in this place.
 B = Non-inter-level travel time spent in this place.
 C = Inter-level travel time spent in this place.
 D = Time resting spent in this place.
 E = Time spent auto-exploring this place.
 F = Levels seen in this place.
 G = Mean time per level.
                   A        B        C        D        E       F      G
               +--------+--------+--------+--------+--------+-----+--------+
         Total |  12583 |  12334 |    249 |   3261 |   6824 |  11 | 1143.9 |
       Dungeon |  12293 |  12044 |    249 |   3201 |   6706 |  10 | 1229.3 |
         Sewer |    289 |    289 |      0 |     60 |    118 |   1 |  289.0 |
               +--------+--------+--------+--------+--------+-----+--------+

Top non-repeatable levels by time:
     D:9: 2441 daAuts
     D:8: 1628 daAuts
    D:10: 1583 daAuts
     D:5: 1199 daAuts
     D:6: 1126 daAuts
     D:7: 994 daAuts
     D:4: 976 daAuts
     D:1: 817 daAuts
     D:3: 776 daAuts
     D:2: 749 daAuts
   Sewer: 289 daAuts
